 Dungeon Crawl Stone Soup version 0.24.1 (webtiles) character file.

Game seed: 5393854824631809413, levelgen mode: deterministic

17 Destapler the Chiller (level 2, -2/20 HPs)
             Began as a Ghoul Ice Elementalist on Mar 27, 2020.
             Slain by an adder (5 damage)
             ... on level 2 of the Dungeon.
             The game lasted 00:06:01 (1250 turns).

Destapler the Chiller (Ghoul Ice Elementalist)      Turns: 1250, Time: 00:06:02

Health: -2/20      AC:  4    Str: 11    XL:     2   Next: 62%
Magic:  0/4        EV: 12    Int: 10    God:
Gold:   22         SH:  0    Dex:  9    Spells: 2/5 levels left

rFire    . . .     SeeInvis .   a - +0 dagger
rCold    + . .     Gourm    .   (no shield)
rNeg     + + +     Faith    .   l - +0 robe
rPois    ∞         Spirit   .   d - +0 helmet (curse)
rElec    .         Reflect  .   (no cloak)
rCorr    .         Harm     .   (no gloves)
MR       .....                  n - +0 pair of boots
Stlth    ++........             (no amulet)
HPRegen  0.00/turn              (no ring)
MPRegen  0.09/turn              (no ring)

@: rotting
A: rotting body, claws 1, carnivore, cold resistance 1, negative energy
resistance 3, inhibited regeneration, torment resistance, unbreathing
a: no special abilities


You were on level 2 of the Dungeon.
You were not hungry.

You visited 1 branch of the dungeon, and saw 2 of its levels.

You collected 22 gold pieces.

Inventory:

Hand Weapons
 a - a +0 dagger (weapon)
Missiles
 e - a throwing net (quivered)
 f - 93 stones
 i - 21 poisoned darts
Armour
 d - a cursed +0 helmet (worn)
 l - a +0 robe (worn)
 n - a +0 pair of boots (worn)
Jewellery
 j - an uncursed ring of ice {unknown}
Scrolls
 b - 2 scrolls of teleportation {unknown}
 k - a scroll of magic mapping {unknown}
Potions
 g - 3 potions of curing {unknown}
 h - 2 potions of berserk rage {unknown}
 m - a potion of lignification {unknown}
Comestibles
 c - 5 rations


   Skills:
 - Level 2.0 Dodging
 - Level 2.1 Stealth
 * Level 2.3 Spellcasting
 - Level 0.7 Conjurations
 + Level 3.5 Ice Magic


You had 2 spell levels left.
You knew the following spells:

 Your Spells              Type           Power        Failure   Level  Hunger
a - Freeze                Ice            #...         7%          1    ##.....
c - Throw Frost           Conj/Ice       #.....       19%         2    ###....

Your spell library contained the following spells:

 Spells                   Type           Power        Failure   Level  Hunger
 Ozocubu's Armour         Chrm/Ice       #.......     41%         3    ####...
 Throw Icicle             Conj/Ice       #.......     77%         4    #####..
 Summon Ice Beast         Ice/Summ       #.......     82%         4    #####..


Dungeon Overview and Level Annotations

Branches:
Dungeon (2/15)

Altars:


Innate Abilities, Weirdness & Mutations

Your body is rotting away.
You thrive on raw meat.
You are immune to poison.
You have sharp fingernails.
You are carnivorous and can eat meat at any time.
Your flesh is cold resistant. (rC+)
You are immune to negative energy. (rN+++)
You do not regenerate when monsters are visible.
You are immune to unholy pain and torment.
You can survive without breathing.


Message History

The goblin shoots a stone.
The stone closely misses you.
You hit the adder but do no damage.
The adder is heavily wounded.
The adder is no longer moving slowly.
The adder misses you.
You hit the adder.
The adder is severely wounded.
The adder bites you.
* * * LOW HITPOINT WARNING * * *
The goblin shoots a stone.
The stone closely misses you. The adder barely misses you.
You closely miss the adder.
The adder is severely wounded.
The goblin shoots a stone.
The stone hits you.
* * * LOW HITPOINT WARNING * * *
The adder bites you.
* * * LOW HITPOINT WARNING * * *
You hit the adder.
The adder is almost dead.
The adder bites you.
You die...

#.##...# #.....## #.#...#
#.......
##....#######....
#..(.....# #....
#..#####.# ##... ###..#
#.# #... #....### #.#
#... #......# #.### #...
#(@....# #...# #...
#S.....# ###.###...
.....wrg.....# #.......##
......#.########.#.##....
......#.# #............
<.... #.. ....#.........
#.... #.. ##..#.........
.... #.. ... #.........
.... ##.# .. ...........


You could see a worm, an adder, a quokka and a goblin.

Vanquished Creatures
  3 goblins
  5 hobgoblins (D:1)
  2 bats
  A frilled lizard (D:1)
  5 rats
16 creatures vanquished.

Vanquished Creatures (others)
  4 toadstools (D:1)
4 creatures vanquished.

Grand Total: 20 creatures vanquished

Notes
Turn   | Place    | Note
-------+----------+-------------------------------------------
     0 | D:1      | Destapler the Ghoul Ice Elementalist began the quest for
                  | the Orb.
     0 | D:1      | Reached XP level 1. HP: 14/14 MP: 2/2
   349 | D:1      | Reached XP level 2. HP: 9/20 MP: 2/4
   353 | D:1      | Learned a level 2 spell: Throw Frost
  1250 | D:2      | Slain by an adder

Levels and vault maps discovered:
D:1:      ldierk_water_garden, layout_basic
D:2:      layout_basic, hex_intersection, hangedman_decor_growths

Skill      XL: |  1 |
---------------+----+-----
Dodging        | 2 |  2.0
Spellcasting   | 2 |  2.3
Stealth        | |  2.1
Conjurations   | |  0.7
Ice Magic      | |  3.5

Action                   || total
-------------------------++-------
Melee: Unarmed           ||    24
       Dagger            ||     9
       Club              ||     5
 Cast: Freeze            ||    12
       Throw Frost       ||     8
  Eat: Chunk             ||     2
Armor: Robe              ||    11
Dodge: Dodged            ||    29
